AoeStats
← _LY_抖音肥龙

Hill Fort

505274911Analyzed
4v4 RM · 24d ago on Sep 8, 2026· 38m 38s· 8 players
Game mode
Random Map
Map size
Large (8 player)
Population
200
Speed
Normal
Resources
Standard
Victory
Conquest
Starting age
Dark Age
Ending age
Imperial Age
RankedLock teamsTeams togetherTeam positionsShared explorationLock speedFull tech treeHidden civsTurbo modeCheats
Victory
Defeat
🇩🇪 Mapuche · Germany
1907
+10
🇪🇸 Koreans · Spain
1812
+14
🇨🇳 Mongols · China
1707
+18
1637
+21
🇨🇳 Mapuche · China
1888
-21
🇭🇰 Japanese · Hong Kong SAR China
1784
-17
🇨🇳 Magyars · China
1743
-15
🇨🇳 Koreans · China
1610
-10
_LY_抖音肥龙
9:16 Feudal Age
9:50 Double-Bit Axe
12:50 Fishing Lines
14:40 Loom
20:25 Castle Age
19:00 Fletching
19:04 Stone Mining
19:05 Gold Mining
20:02 Fletching
21:31 Bodkin Arrow
21:47 Bow Saw
21:51 Gillnets
23:05 Scale Mail Armor
26:17 Squires
28:16 Wheelbarrow
28:05 Forging
28:11 Arson
28:43 Chain Mail Armor
30:59 Iron Casting
34:54 Imperial Age
33:01 Treadmill Crane
33:42 Ballistics
33:25 Yasama
34:07 Hand Cart
34:58 Gold Shaft Mining
35:14 Masonry
35:21 Arrowslits
35:28 Guard Tower
36:09 Conscription
35:12 Capped Ram
36:50 Plate Mail Armor
37:01 Elite Samurai
CNZS_HiFive
1:37 Loom
12:28 Feudal Age
11:29 Loom
13:12 Horse Collar
16:06 Castle Age
13:56 Double-Bit Axe
15:55 Loom
21:09 Imperial Age
19:22 Scale Barding Armor
20:49 Chain Barding Armor
21:05 Husbandry
22:46 Plate Barding Armor
22:08 Light Cavalry
24:11 Bloodlines
33:58 Bow Saw
35:04 Fletching
CNZS_Bad Koala
5:03 Loom
12:17 Feudal Age
16:15 Castle Age
14:55 Double-Bit Axe
15:24 Horse Collar
17:21 Bow Saw
27:26 Town Watch
30:48 Wheelbarrow
30:31 Gold Mining
31:27 Heavy Plow
33:15 Hand Cart
35:10 Gold Shaft Mining
39:03 Imperial Age
36:02 Elite Skirmisher
36:57 Fletching
37:07 Padded Archer Armor
云层贩卖心动
11:07 Feudal Age
11:53 Double-Bit Axe
14:26 Horse Collar
18:08 Castle Age
19:53 Bow Saw
19:45 Heavy Plow
21:17 Stone Mining
28:21 Fletching
29:07 Gold Mining
31:03 Forging
31:57 Wheelbarrow
33:56 Imperial Age
31:56 Bodkin Arrow
34:50 Hand Cart
35:04 Conscription
爱人跟人走
10:25 Feudal Age
10:57 Loom
14:31 Castle Age
13:19 Double-Bit Axe
14:18 Horse Collar
15:30 Bow Saw
17:18 Fletching
19:32 Bodkin Arrow
21:24 Ballistics
24:22 Heavy Plow
28:41 Wheelbarrow
33:15 Imperial Age
31:35 Gold Mining
33:00 Hand Cart
33:21 Gold Shaft Mining
33:22 Capped Ram
34:23 Drill
34:07 Bracer
34:42 Conscription
34:46 Padded Archer Armor
35:14 Siege Ram
36:38 Elite Mangudai
38:51 Town Watch
Kamáximo Décimo Meridio
11:21 Feudal Age
12:36 Double-Bit Axe
14:56 Castle Age
13:02 Horse Collar
15:51 Bow Saw
17:13 Wheelbarrow
19:32 Loom
19:45 Gold Mining
22:03 Forging
22:29 Town Watch
26:18 Scale Barding Armor
26:18 Husbandry
26:29 Bloodlines
28:16 Chain Barding Armor
29:54 Iron Casting
34:19 Imperial Age
33:16 Heavy Plow
33:51 Gold Shaft Mining
34:38 Hand Cart
35:00 Gold Shaft Mining
34:40 Stone Mining
35:32 Conscription
35:38 Bimaristan
34:48 Elite Mameluke
34:59 Capped Ram
37:02 Plate Barding Armor
38:34 Blast Furnace
_Tomate
11:21 Feudal Age
12:28 Loom
15:23 Castle Age
14:30 Double-Bit Axe
15:32 Fletching
17:53 Bodkin Arrow
23:45 Horse Collar
27:24 Ballistics
29:44 Bow Saw
34:08 Imperial Age
32:14 Heavy Plow
32:30 Gold Mining
33:17 Wheelbarrow
34:31 Husbandry
34:32 Elite War Wagon
35:34 Bracer
37:07 Chemistry
37:10 Two-Man Saw
36:55 Conscription
37:07 Hand Cart
Jan Itor
11:02 Feudal Age
15:53 Castle Age
14:33 Double-Bit Axe
14:31 Horse Collar
14:53 Double-Bit Axe
14:56 Loom
17:32 Bow Saw
17:26 Heavy Plow
22:56 Wheelbarrow
23:50 Gold Mining
28:53 Imperial Age
25:48 Elite Skirmisher
26:21 Stone Mining
26:38 Fletching
27:06 Padded Archer Armor
27:35 Ballistics
27:16 Town Watch
27:34 Bodkin Arrow
29:13 Elite Bolas Rider
30:48 Conscription
31:50 Malon
33:28 Chemistry
34:35 Butalmapu
36:29 Caravan
38:02 Coinage
39:12 Leather Archer Armor
Connection lost

Rejoining the realm…

Still unreachable

The connection could not be restored.

Session expired

The server has moved on; the page needs a fresh start.